 Dungeon Crawl Stone Soup version 0.18-b1-16-g289874d (webtiles) character file.

28 Chiseanne the Magician (level 3, 19/24 HPs)
             Began as a Demonspawn Wizard on May 1, 2016.
             Quit the game on level 1 of the Dungeon.
             The game lasted 00:02:00 (1306 turns).

Chiseanne the Magician (Demonspawn Wizard)          Turns: 1306, Time: 00:02:01

Health: 19/24      AC:  4    Str:  7    XL:     3   Next: 0%
Magic:  0/8        EV: 12    Int: 20    God:
Gold:   36         SH:  2    Dex: 11    Spells: 1 memorised, 8 levels left

rFire  . . .     SeeInvis .     f - +0 mace
rCold  . . .     Gourm    .     a - +0 robe
rNeg   . . .     Faith    .     (no shield)
rPois  .         Spirit   .     b - +0 hat
rElec  .         Dismiss  .     (no cloak)
rCorr  .         Reflect  .     (no gloves)
SustAt .         Harm     .     (no boots)
MR     .....                    (no amulet)
Stlth  ++........               (no ring)
                                (no ring)

@: not resistant to hostile enchantments, unstealthy
A: large bone plates 1, rot immunity
a: no special abilities


You were on level 1 of the Dungeon.
You were not hungry.

You visited 1 branch of the dungeon, and saw 1 of its levels.

You collected 36 gold pieces.

Inventory:

Hand Weapons
 f - a +0 mace (weapon)
Missiles
 h - 18 stones (quivered)
Armour
 a - a +0 robe (worn)
 b - a +0 hat (worn)
Scrolls
 e - 2 scrolls of enchant armour {unknown}
 g - 2 scrolls of teleportation {unknown}
 j - a scroll of magic mapping {unknown}
 k - 2 scrolls of identify {unknown}
Books
 c - a book of Minor Magic

   Spells                             Type                      Level
   a - Magic Dart                     Conjuration                  1
   b - Blink                          Translocation                2
   c - Call Imp                       Summoning                    2
   d - Repel Missiles                 Charms/Air                   2
   e - Slow                           Hexes                        2
   f - Conjure Flame                  Conjuration/Fire             3
   g - Mephitic Cloud                 Conjuration/Poison/Air       3
Comestibles
 d - 3 bread rations
 i - a meat ration
 l - a chunk of flesh


   Skills:
 - Level 1.7 Dodging
 - Level 1.7 Stealth
 * Level 3.5 Spellcasting
 * Level 2.0 Conjurations
   Level 1.0 Summonings
   Level 0.8 Translocations


You had 8 spell levels left.
You knew the following spells:

 Your Spells              Type           Power        Failure   Level  Hunger
a - Magic Dart            Conj           ##..         10%         1    None


Dungeon Overview and Level Annotations

Branches:
Dungeon (1/15)

Altars:


Innate Abilities, Weirdness & Mutations

You are partially covered in large bone plates (AC +2, SH +2).
You are immune to rotting.


Message History

The dart slug is almost dead.
Casting: Magic Dart
Confirm with . or Enter, or press ? or * to list all spells.
Aiming: Magic Dart
Press: ? - help, Shift-Dir - straight line, f/p - dart slug
Aim: a dart slug (almost dead, clinging)
The magic dart hits the dart slug.
The dart slug is almost dead.
The dart slug bites you but does no damage.
Casting: Magic Dart
Confirm with . or Enter, or press ? or * to list all spells.
You don't have enough magic to cast that spell.
You hit the dart slug.
You kill the dart slug!
You have reached level 3!
Your experience leads to an increase in your attributes!
Increase (S)trength, (I)ntelligence, or (D)exterity?
You feel clever.
Your demonic ancestry asserts itself...
You feel immune to rotting.
Are you sure you want to abandon this character and quit the game? (Confirm with "yes".)

#...#....#...# #..#.#######
....#....#...# ##...##....#
#...#....#...# #.>.##.##.#
...##...##########..##.##.#
..##....#.....#........##.#
###....##.......#########.#
#.....##........##...####.#
....###....###...#.#.#....#
.####.....## ###@#.#.#.####
##.......## #.†.#.#.#.#
......#### ###.###.#.#.#
...#### #...###.#.#.# ####
#.#.....#...####
#.###...#......#
#.......#.####.#
..........#....#.#
#########.#......#


There were no monsters in sight!

Vanquished Creatures
  2 dart slugs (D:1)
  A giant cockroach (D:1)
  3 goblins (D:1)
  3 hobgoblins (D:1)
  2 jackals (D:1)
  4 kobolds (D:1)
  4 bats (D:1)
  A giant newt (D:1)
  4 rats (D:1)
24 creatures vanquished.

Notes
Turn   | Place    | Note
--------------------------------------------------------------
     0 | D:1      | Chiseanne the Demonspawn Wizard began the quest for the Orb.
     0 | D:1      | Reached XP level 1. HP: 13/13 MP: 4/4
   502 | D:1      | Gained mutation: You are partially covered in large bone plates (AC +2, SH +2). [demonic ancestry]
   502 | D:1      | Reached XP level 2. HP: 19/19 MP: 1/6
  1305 | D:1      | Gained mutation: You are immune to rotting. [demonic ancestry]
  1305 | D:1      | Reached XP level 3. HP: 19/24 MP: 0/8
  1306 | D:1      | Quit the game

Skill      XL: |  1  2 |
---------------+-------+-----
Conjurations   | 2 |  2.0
Dodging        | |  1.7
Stealth        | |  1.7
Spellcasting   | |  3.5
Summonings     | |  1.0
Translocations | |  0.8

Action                   || total
-------------------------++-------
Melee: Mace              ||    20
 Cast: Magic Dart        ||    54
  Eat: Chunk             ||     1
Armor: Robe              ||    12
Dodge: Dodged            ||    24
Block: Other             ||     3
